 Dungeon Crawl Stone Soup version 0.18.1-47-g9310371 (webtiles) character file.

77 zervinho the Sneak (level 4, -6/18 HPs)
             Began as a Felid Enchanter on June 21, 2016.
             Killed from afar by an orc wizard (7 damage)
             ... with a puff of frost
             ... on level 3 of the Dungeon.
             The game lasted 00:15:13 (3276 turns).

zervinho the Sneak (Felid Enchanter)                Turns: 3276, Time: 00:15:14

Health: -6/18      AC:  1    Str:  4    XL:     4   Next: 14%
Magic:  1/8        EV: 18    Int: 18    God:
Gold:   112        SH:  0    Dex: 16    Spells: 2 memorised, 5 levels left
                                        Lives:  0   Deaths: 1

rFire  . . .     SeeInvis +       - Unarmed
rCold  . . .     Gourm    .     (armour unavailable)
rNeg   . . .     Faith    .     (shield unavailable)
rPois  .         Spirit   .     (helmet unavailable)
rElec  .         Dismiss  .     (cloak unavailable)
rCorr  .         Reflect  .     (gloves unavailable)
SustAt .         Harm     .     (boots unavailable)
MR     .....                    (no amulet)
Stlth  ++++......               (no ring)
                                (no ring)

@: quick, not resistant to hostile enchantments, stealthy
A: no armour, no weapons or thrown items, claws 1, fangs 3, see invisible,
carnivore 3, speed 1, shaggy fur 1, slow metabolism 1, sharp paws
a: no special abilities


You were on level 3 of the Dungeon.
You were completely stuffed.

You visited 1 branch of the dungeon, and saw 3 of its levels.

You collected 112 gold pieces.

Inventory:

Jewellery
 i - an uncursed ring of fire
 l - a cursed -4 ring of evasion {unknown}
 n - a cursed ring of teleportation {unknown}
Scrolls
 c - a scroll of fog {unknown}
 g - a scroll of teleportation {unknown}
 m - 2 scrolls of remove curse {unknown}
 p - a scroll of blinking {unknown}
 q - a scroll of magic mapping {unknown}
Potions
 d - a potion of cure mutation {unknown}
 e - a potion of ambrosia {unknown}
 f - a potion of brilliance {unknown}
 j - a potion of invisibility {unknown}
 o - a potion of flight {unknown}
Books
 a - a book of Maledictions

   Spells                             Type                      Level
   a - Corona                         Hexes                        1
   b - Ensorcelled Hibernation        Hexes/Ice                    2
   c - Confuse                        Hexes                        3
   d - Tukima's Dance                 Hexes                        3
   e - Dazzling Spray                 Conjuration/Hexes            3
Comestibles
 b - 2 meat rations
 h - 2 royal jellies
 k - a chunk of flesh


   Skills:
 - Level 0.6 Fighting
 + Level 3.3 Dodging
 * Level 5.5 Stealth
 * Level 2.2 Unarmed Combat
 + Level 2.5 Spellcasting
 + Level 5.3 Hexes
 - Level 0.8 Ice Magic


You had 5 spell levels left.
You knew the following spells:

 Your Spells              Type           Power        Failure   Level  Hunger
a - Corona                Hex            ###....      1%          1    #......
b - Ensorcelled Hibernat  Hex/Ice        ##....       10%         2    ##.....


Dungeon Overview and Level Annotations

Branches:
Dungeon (3/15)

Altars:
Okawaru
Vehumet

Annotations:
D:3 Grinder


Innate Abilities, Weirdness & Mutations

You cannot wear armour.
You are incapable of wielding weapons or throwing items.
You have sharp claws.
You have razor-sharp teeth.
You have supernaturally acute eyesight.
You are carnivorous and can eat meat at any time.
You cover ground quickly.
You are covered in fur (AC +1).
You have a slow metabolism.
Your sharp claws are effective at attacking unaware monsters.


Message History

a club; a runed scale mail; a dagger; a leather armour; an orc corpse The orc wizard casts a spell at you.
The puff of flame hits you!
Ouch! That really hurt!
The orc shouts!
You see here a runed leather armour.
You barely miss the orc. The orc closely misses you.
The orc wizard completely misses you.
A bat comes into view.
You scratch the orc.
The orc is lightly wounded.
The orc hits you.
* * * LOW HITPOINT WARNING * * *
The orc wizard mumbles some strange words.
The orc wizard seems to speed up.
Items here: )) [[ † a club; a runed scale mail; a dagger; a leather armour; an orc corpse The orc wizard points at you and mumbles some strange words.
The puff of frost hits you!
You die...

##..#....####...####.####
#. ##..##...##
##.........#######.
#.[#######
##.##..##......... ####
###.##.## #######.
#...##.# ####.
#####.###..# ##....
#.........## ##.....
#.####.#### #...... #@#
#.o.... #)# #.o.o<. ##o#
#..#.... #oo# ..#.w...
#b## # #..... ..# #.....
.... ##S..# ##.## ##..#
.. #..#


You could see an orc wizard, 2 orcs and a bat.

Vanquished Creatures
  Jessica (D:2)
  4 adders
  A worm (D:2)
  3 dart slugs
  4 giant geckos
  3 orcs (D:3)
  2 ball pythons
  7 giant cockroaches
  9 goblins
  8 hobgoblins
  2 jackals (D:1)
  2 quokkas (D:2)
  12 bats
  5 giant newts
  6 kobolds
  5 rats
74 creatures vanquished.

Notes
Turn   | Place    | Note
--------------------------------------------------------------
     0 | D:1      | zervinho the Felid Enchanter began the quest for the Orb.
     0 | D:1      | Reached XP level 1. HP: 7/7 MP: 4/4
   199 | D:1      | Reached XP level 2. HP: 11/11 MP: 4/6
   245 | D:1      | Learned a level 2 spell: Ensorcelled Hibernation
   961 | D:1      | Reached XP level 3. HP: 14/14 MP: 4/7
  1306 | D:2      | Reached skill level 5 in Stealth
  1718 | D:2      | Noticed Jessica
  1727 | D:2      | Killed Jessica
  1727 | D:2      | Reached skill level 5 in Hexes
  1727 | D:2      | Reached XP level 4. HP: 18/18 MP: 0/8
  2896 | D:2      | Found an iron altar of Okawaru.
  2910 | D:2      | Found a radiant altar of Vehumet.
  3082 | D:3      | Reached XP level 5. HP: 21/21 MP: 3/9
  3118 | D:3      | Noticed Grinder
  3222 | D:3      | Slain by an adder
  3223 | D:3      | Reached XP level 4. HP: -2/18 MP: 6/8
  3276 | D:3      | Killed from afar by an orc wizard

Skill      XL: |  1  2  3  4 |
---------------+-------------+-----
Stealth        | 5 |  5.5
Dodging        | 3 |  3.3
Hexes          | 5 |  5.3
Unarmed Combat | 2 |  2.2
Fighting       | |  0.6
Spellcasting   | |  2.5
Ice Magic      | |  0.8

Action                   |  1- 3 |  4- 6 || total
-------------------------+-------+-------++-------
Melee: Unarmed           |    90 |    92 ||   182
       Bite              |     5 |     8 ||    13
       Punch             |       |     1 ||     1
 Cast: Corona            |    16 |    16 ||    32
       Ensorcelled Hiber |    17 |    15 ||    32
  Use: Potion            |     3 |       ||     3
       Scroll            |     2 |       ||     2
 Stab: Sleeping          |    16 |    17 ||    33
  Eat: Chunk             |    10 |    10 ||    20
Armor: Skin              |     7 |     5 ||    12
Dodge: Dodged            |    92 |    90 ||   182
